 Dungeon Crawl Stone Soup version 0.20.0-15-g7f486f2 (webtiles) character file.

130 McKennaii the Slasher (level 4, 0/40 HPs)
             Began as a Minotaur Fighter on June 11, 2017.
             Killed by divine providence
             ... invoked by an orc priest
              (12 damage)
             ... on level 4 of the Dungeon.
             The game lasted 00:02:49 (1576 turns).

McKennaii the Slasher (Minotaur Fighter)            Turns: 1576, Time: 00:02:52

Health: 0/40       AC: 10    Str: 20    XL:     4   Next: 89%
Magic:  12/12      EV:  8    Int:  5    God:
Gold:   93         SH:  9    Dex: 11    Spells: 3/3 levels left

rFire    + . .     SeeInvis .   a - +0 long sword
rCold    . . .     Gourm    .   c - +0 shield
rNeg     . . .     Faith    .   b - +0 scale mail
rPois    .         Spirit   .   (helmet restricted)
rElec    .         Reflect  .   r - +2 cloak
rCorr    .         Harm     .   (no gloves)
MR       .....                  (no boots)
Stlth    ..........             (no amulet)
Regen    0.2/turn               k - ring of magical power
MPRegen  0.2/turn               q - ring of protection from fire

@: no status effects
A: retaliatory headbutt, horns 2
a: no special abilities


You were on level 4 of the Dungeon.
You were very hungry.

You visited 1 branch of the dungeon, and saw 4 of its levels.

You collected 93 gold pieces.

Inventory:

Hand Weapons
 a - a +0 long sword (weapon)
Armour
 b - a +0 scale mail (worn)
 c - a +0 shield (worn)
 r - a +2 cloak (worn)
Jewellery
 k - a ring of magical power (left hand)
 q - a ring of protection from fire (right hand)
Scrolls
 e - a scroll of fear {unknown}
 i - 2 scrolls of enchant weapon {unknown}
 l - 2 scrolls of identify {unknown}
 m - a scroll of random uselessness {unknown}
 t - a scroll of noise {unknown}
 u - a scroll of teleportation {unknown}
Potions
 d - a potion of might
 g - 2 potions of mutation {unknown}
 j - 3 potions of lignification {unknown}
 n - a potion of heal wounds {unknown}
 p - a potion of curing {unknown}
 s - 2 potions of cancellation {unknown}
Comestibles
 f - 2 bread rations
 h - 2 meat rations
 o - 5 fruits


   Skills:
 + Level 4.1 Fighting
 + Level 4.5 Long Blades
 + Level 4.2 Armour
 + Level 1.2 Dodging
 + Level 4.4 Shields


You had 3 spell levels left.
You didn't know any spells.

Dungeon Overview and Level Annotations

Branches:
Dungeon (4/15)
 Temple: D:4-7

Altars:
Ashenzari
Nemelex Xobeh
Ru

Annotations:
D:4 McKennaii's ghost, amateur MiFi


Innate Abilities, Weirdness & Mutations

You reflexively headbutt those who attack you in melee.
You have a pair of horns on your head.


Message History

The frilled lizard bites you but does no damage.
You hit the orc priest but do no damage.
You block the orc priest's attack. You block the frilled lizard's attack.
The orc hits you but does no damage. The orc priest closely misses you.
You hit the orc priest but do no damage.
You block the frilled lizard's attack. You block the orc priest's attack.
The orc hits you but does no damage.
You hit the orc priest but do no damage.
The frilled lizard closely misses you.
You riposte.
Your shield prevents you from hitting the frilled lizard.
The orc priest hits you but does no damage.
The orc barely misses you.
You hit the orc priest.
The orc priest is lightly wounded.
The frilled lizard barely misses you. You furiously retaliate!
You headbutt the frilled lizard!
You kill the frilled lizard!
The orc priest calls down the wrath of Beogh upon you.
Beogh smites you!
You die...

.. ## .##### #.##.
Z.... ... ...#
....# #.#o#.#
....# ##.....#
....# . #..o...#
##....#.# #..<..##
#.......#
#.>#.#####....#...
#..#.o@†Z..#....#
##+###.oW....#
####....# #.#..# .
#.#..##########
....#............
#.................
#.#####......#####
.. ######.#


You could see an orc priest, McKennaii's ghost, an orc and a centaur skeleton.

Vanquished Creatures
  An orc priest (D:4)
  3 gnolls (D:3)
  2 oozes
  An adder skeleton (D:4)
  2 dart slugs (D:1)
  2 leopard geckos
  3 orcs (D:3)
  4 giant cockroaches
  4 goblins
  4 hobgoblins
  3 ball pythons (D:1)
  4 bats
  3 frilled lizards
  9 kobolds
  9 rats
54 creatures vanquished.

Notes
Turn   | Place    | Note
-------+----------+-------------------------------------------
     0 | D:1      | McKennaii the Minotaur Fighter began the quest for the Orb.
     0 | D:1      | Reached XP level 1. HP: 19/19 MP: 0/0
   123 | D:1      | Reached XP level 2. HP: 18/27 MP: 1/1
   136 | D:1      | Found a shattered altar of Ashenzari.
   518 | D:2      | Reached XP level 3. HP: 33/33 MP: 2/2
   875 | D:3      | Reached XP level 4. HP: 37/40 MP: 3/3
   917 | D:3      | Found a sparkling altar of Nemelex Xobeh.
  1023 | D:3      | Found a sacrificial altar of Ru.
  1177 | D:3      | Reached skill level 1 in Dodging
  1510 | D:4      | Noticed McKennaii's ghost (amateur MiFi)
  1576 | D:4      | Killed from afar by an orc priest

Skill      XL: |  1  2  3  4 |
---------------+-------------+-----
Shields        | 4 |  4.4
Armour         | 4 |  4.2
Long Blades    | 3 4 |  4.5
Fighting       | 4 |  4.1
Dodging        | 1 |  1.2

Action                   |  1- 3 |  4- 6 || total
-------------------------+-------+-------++-------
Melee: Long sword        |    72 |    44 ||   116
       Headbutt          |     9 |     9 ||    18
  Eat: Chunk             |       |     1 ||     1
Armor: Scale mail        |    32 |    22 ||    54
Dodge: Dodged            |    23 |    13 ||    36
Block: Shield            |    46 |    32 ||    78
       Rpst.: Long sword |     2 |     5 ||     7
